 Dungeon Crawl Stone Soup version 0.30-a0-12-gd8047c6341 (webtiles) character file.

Game seed: 10492052619320279465

459518 greasedhog the Slayer (level 24, -1/174 HPs)
             Began as a Gargoyle Wanderer on Aug 23, 2022.
             Was a High Priest of Okawaru.
             Killed by divine providence
             ... invoked by a deep elf high priest
              (10 damage)
             ... on level 5 of the Vaults.
             The game lasted 01:45:03 (54902 turns).

greasedhog the Slayer (Gargoyle Wanderer)          Turns: 54902, Time: 01:45:03

Health: -1/174     AC: 55    Str: 33    XL:     24   Next: 45%
Magic:  33/33      EV: 24    Int: 20    God:    Okawaru [*****.]
Gold:   3155       SH: 20    Dex: 18    Spells: 23/23 levels left

rFire   + + .      SeeInvis .    a - +9 demon blade (elec)
rCold   + + +      Faith    .    F - +4 kite shield {reflect}
rNeg    + . .      Spirit   .    o - +9 scale mail "Ucvewi Cicoss" {*Slow rPois Slay+6}
rPois   ∞          Reflect  +    W - +1 helmet of Death Resistance {rPois rF+ Str+4 Stlth-}
rElec   +          Harm     .    y - +0 cloak of Emyorou {rC+ Str+4 Stlth-}
rCorr   +          Rampage  .    l - +2 pair of gloves "Fotuam" {rC+}
Will    ++...                    I - +0 pair of boots "Zainea Hito" {rC++ Will+ Str+3 Dex-2}
Stlth   +.........               R - amulet of regeneration
HPRegen 1.19/turn                i - ring of Hymiliosm {*Corrode rF+ Str+4 Int+4 Dex+4}
MPRegen 0.23/turn                Q - ring "Weci" {rCorr AC+4 Stlth+}

@: about to teleport, heroic, finesse-ful, marked, flying, studying 3 skills
A: sickness immunity, AC +18, big wings, negative energy resistance 1,
electricity resistance, torment resistance 1, petrification resistance
}: 2/15 runes: serpentine, barnacled
a: Renounce Religion, Heroism, Finesse, Duel


You were on level 5 of the Vaults.
You worshipped Okawaru.
Okawaru was extremely pleased with you.
You visited 8 branches of the dungeon, and saw 40 of its levels.
You visited 1 bazaar.

You collected 6291 gold pieces.
You spent 3136 gold pieces at shops.

Inventory:

Hand Weapons
 a - a +9 demon blade of electrocution (weapon)
 b - the +6 arbalest "Damnation" {damnation}
   (You took it off a vault warden on level 5 of the Vaults)

   Any ammunition fired from it explodes in a burst of damnation on striking a
   foe, dealing damage which bypasses armour.
 X - a +4 scimitar of flaming
Missiles
 V - 2 throwing nets (quivered)
Armour
 l - the +2 pair of gloves "Fotuam" (worn) {rC+}
   (You bought it in a shop on level 2 of the Orcish Mines)

   rC:        It protects you from cold.
 o - the +9 scale mail "Ucvewi Cicoss" (worn) {*Slow rPois Slay+6}
   (Okawaru gifted it to you on level 11 of the Dungeon)

   Slay:      It affects your accuracy & damage with ranged weapons and melee
   (+6).
   rPois:     It protects you from poison.
   *Slow:     It may slow you when you take damage.
 y - the +0 cloak of Emyorou (worn) {rC+ Str+4 Stlth-}
   (Okawaru gifted it to you on level 3 of the Snake Pit)

   Str:       It affects your strength (+4).
   rC:        It protects you from cold.
   Stlth:     It makes you less stealthy.
 F - a +4 kite shield of reflection (worn)
 I - the +0 pair of boots "Zainea Hito" (worn) {rC++ Will+ Str+3 Dex-2}
   (You found it on level 2 of the Shoals)

   Str:       It affects your strength (+3).
   Dex:       It affects your dexterity (-2).
   rC:        It greatly protects you from cold.
   Will:      It increases your willpower.
 U - a +2 cloak of preservation
 W - the +1 helmet of Death Resistance (worn) {rPois rF+ Str+4 Stlth-}
   (You bought it in a shop on level 2 of the Orcish Mines)

   Str:       It affects your strength (+4).
   rF:        It protects you from fire.
   rPois:     It protects you from poison.
   Stlth:     It makes you less stealthy.
Jewellery
 i - the ring of Hymiliosm (left hand) {*Corrode rF+ Str+4 Int+4 Dex+4}
   (You found it on level 4 of the Depths)

   [ring of protection from fire]

   Str:       It affects your strength (+4).
   Int:       It affects your intelligence (+4).
   Dex:       It affects your dexterity (+4).
   rF:        It protects you from fire.
   *Corrode:  It may corrode you when you take damage.
 n - a +4 ring of slaying
 q - a +6 ring of dexterity
 w - the ring of Deuc {Will+ EV+4 Dex+2}
   (You found it on level 11 of the Dungeon)

   [ring of evasion]

   EV:        It affects your evasion (+4).
   Dex:       It affects your dexterity (+2).
   Will:      It increases your willpower.
 A - a ring of positive energy
 Q - the ring "Weci" (right hand) {rCorr AC+4 Stlth+}
   (You found it on level 3 of the Lair of Beasts)

   [ring of protection]

   AC:        It affects your AC (+4).
   rCorr:     It protects you from acid and corrosion.
   Stlth:     It makes you more stealthy.
 R - an amulet of regeneration (around neck)
Wands
 d - a wand of mindburst (39)
 C - a wand of flame (28)
 G - a wand of iceblast (27)
 P - a wand of digging (16)
 S - a wand of acid (19)
Scrolls
 e - a scroll of enchant weapon
 h - 9 scrolls of amnesia
 s - 7 scrolls of magic mapping
 t - 3 scrolls of brand weapon
 u - 4 scrolls of silence
 x - a scroll of enchant armour
 B - 17 scrolls of teleportation
 D - 8 scrolls of blinking
 E - 3 scrolls of fear
 K - 4 scrolls of poison
Potions
 c - 5 potions of ambrosia
 f - 9 potions of mutation
 g - 3 potions of heal wounds
 j - 5 potions of magic
 k - 14 potions of curing
 m - 5 potions of berserk rage
 p - 7 potions of attraction
 r - 18 potions of lignification
 v - 6 potions of might
 z - 8 potions of haste
 H - 2 potions of cancellation
 L - 2 potions of resistance
 O - 7 potions of brilliance
 T - 3 potions of invisibility
Miscellaneous
 J - a lightning rod (4/4)


   Skills:
 * Level 24.4(27) Fighting
 - Level 14.0(19.0) Long Blades
 - Level 1.0(6.0) Ranged Weapons
 - Level 20.1(25.1) Armour
 * Level 17.6(22.6) Dodging
 - Level 15.0(20.0) Shields
 - Level 14.0 Invocations
 - Level 10.3 Evocations


You had 23 spell levels left.
You didn't know any spells.
Your spell library contained the following spells:

 Spells                   Type           Power      Damage    Failure   Level
 Apportation              Tloc           0%         N/A       36%         1
 Beastly Appendage        Tmut           0%         N/A       36%         1
 Foxfire                  Conj/Fire      0%         2x1d4     36%         1
 Magic Dart               Conj           0%         1d3       36%         1
 Necrotise                Necr           0%         1d4       36%         1
 Shock                    Conj/Air       0%         1d3       36%         1
 Slow                     Hex            0%         N/A       36%         1
 Sting                    Tmut/Pois      0%         1d3       36%         1
 Blink                    Tloc           0%         N/A       50%         2
 Poisonous Vapours        Pois/Air       0%         N/A       50%         2
 Scorch                   Fire           0%         2d5       50%         2
 Static Discharge         Conj/Air       0%         3-3/arc   50%         2
 Wereblood                Tmut           0%         N/A       50%         2
 Confusing Touch          Hex            0%         N/A       73%         3
 Conjure Flame            Conj/Fire      0%         6-21      73%         3
 Dazzling Flash           Conj/Hex       0%         N/A       73%         3
 Frozen Ramparts          Ice            0%         1d1       73%         3
 Ignite Poison            Fire/Tmut/Pois 0%         N/A       73%         3
 Inner Flame              Hex/Fire       0%         N/A       73%         3
 Lesser Beckoning         Tloc           0%         N/A       73%         3
 Mephitic Cloud           Conj/Pois/Air  0%         N/A       73%         3
 Spider Form              Tmut/Pois      0%         N/A       73%         3
 Swiftness                Air            0%         N/A       73%         3
 Vampiric Draining        Necr           0%         2d6       73%         3
 Airstrike                Air            0%         2d(0-16)  98%         4
 Dispel Undead            Necr           0%         3d6       98%         4
 Flame Wave               Conj/Fire      0%         2d4       98%         4
 Hailstorm                Conj/Ice       0%         3d3       98%         4
 Ice Form                 Ice/Tmut       0%         N/A       98%         4
 Leda's Liquefaction      Hex/Erth       0%         N/A       98%         4
 Olgreb's Toxic Radiance  Pois           0%         N/A       98%         4
 Petrify                  Tmut/Erth      0%         N/A       98%         4
 Sticky Flame             Conj/Fire      0%         2d3       98%         4
 Agony                    Necr           0%         N/A       100%        5
 Lee's Rapid Deconstruct  Erth           0%         3d5*      100%        5
 Lightning Bolt           Conj/Air       0%         1d11      100%        5
 Manifold Assault         Tloc           0%         N/A       100%        5
 Metabolic Englaciation   Hex/Ice        0%         N/A       100%        5
 Silence                  Hex/Air        0%         N/A       100%        5
 Dispersal                Tloc           0%         N/A       100%        6
 Storm Form               Tmut/Air       0%         N/A       100%        7
 Disjunction              Tloc           0%         N/A       100%        8
 Maxwell's Capacitive Co  Air            0%         ∞         100%        8
 Summon Small Mammal      Summ           Unusable   N/A       N/A         1
 Call Imp                 Summ           Unusable   N/A       N/A         2
 Summon Ice Beast         Ice/Summ       Unusable   N/A       N/A         4
 Summon Lightning Spire   Summ/Air       Unusable   N/A       N/A         4
 Simulacrum               Ice/Necr       Unusable   N/A       N/A         6
 Statue Form              Tmut/Erth      Unusable   N/A       N/A         6
 Summon Cactus Giant      Summ           Unusable   N/A       N/A         6

Dungeon Overview and Level Annotations

Branches:
Dungeon (15/15)            Temple (1/1) D:7            Lair (5/5) D:9
 Shoals (4/4) Lair:3        Snake (4/4) Lair:3        Slime (0/5) Lair:4
    Orc (2/2) D:10            Elf (0/3) Orc:2        Vaults (5/5) D:13
  Crypt (0/3) Vaults:3     Depths (4/4) D:15            Zot (0/5) Depths:4

Altars:
Ashenzari
Cheibriados
Dithmenos
Elyvilon
Fedhas
Gozag
Hepliaklqana
Kikubaaqudgha
Makhleb
Nemelex Xobeh
Okawaru
Qazlal
Ru
Sif Muna
Trog
Uskayaw
Vehumet
Wu Jian
Xom
Yredelemnul
Zin
The Shining One
Jiyva

Shops:
D:1 :   D:11 :*![   Orc:2 *[[(   Snake:1 *   Snake:2 *:   Snake:3 **([
Vaults:4 (   Depths:2 *

Portals:
Hell: Lair:5 Depths:1 Depths:2 Depths:3 Depths:4
Abyss: Depths:2 Depths:3
Pandemonium: Depths:2 Depths:4
Ziggurat: Depths:2

Annotations:
D:10 exclusion: ice statue
Orc:2 1 runed translucent door
Depths:1 4 transporters


Innate Abilities, Weirdness & Mutations

You are immune to sickness and miasma.
Your stone body is resilient. (AC +18)
You are immune to poison.
Your large and strong wings let you fly.
You resist negative energy. (rN+)
You are resistant to electric shocks. (rElec)
You are resistant to unholy torment.
You are immune to petrification.


Message History

You slash the war gargoyle!
The war gargoyle is almost destroyed.
The war gargoyle hits you but does no damage.
You slice the war gargoyle!!
You destroy the war gargoyle!
Okawaru accepts your kill.
The ironbound convoker points at the yaktaur captain and mumbles some strange words.
The yaktaur captain seems to grow stronger.
A deep elf high priest comes into view. It is wielding a +0 long sword.
The ice encasing you melts away.
A deep elf demonologist comes into view.
It is wielding a +0 long sword.
The deep elf high priest prays to its god.
The deep elf high priest begins emitting a brilliant aura!
The titan is empowered by the deep elf high priest's aura!
The vault warden is empowered by the deep elf high priest's aura!
The sphinx is empowered by the deep elf high priest's aura!
The vault sentinel is empowered by the deep elf high priest's aura!
You block the titan's attack.
You slash the titan!
The titan is lightly wounded.
You slash the titan!
The titan is lightly wounded.
Cornered, the ironbound frostheart turns to fight!
The deep elf demonologist mumbles some strange words.
The deep elf high priest calls down the wrath of its god upon you.
Something smites you!
* * * LOW HITPOINT WARNING * * *
A fire giant comes into view.
It is wielding a +2 great sword of flaming.
The stone giant throws a large rock.
The large rock hits you but does no damage.
As you read the scroll of teleportation, it crumbles to dust.
You feel strangely unstable.
The vault sentinel seems to regain its courage.
A war gargoyle comes into view. It is wielding a +5 vorpal morningstar.
The sphinx hits you but does no damage. The sphinx misses you.
You block the sphinx's attack. The titan hits you!!
* * * LOW HITPOINT WARNING * * *
The deep elf high priest mumbles some strange prayers to its god against you.
Something smites you!
You die...

#.....)).. ######....[...
.........<<[[. ........<.[<[.
........<<[[. ............ .#
####################.....).. ...
#......##..CH.p##...........
....#......##..@.p.##....#....#.
....... #..C)..##p..Ce9..#....#.
.......##)..)..##....p...#....#.
#..))).##..........###....#.
#..))).##........p.###....#
#..##..........##).(.#....# #[.
#..2e......##.)).#....# #..
.......##..)..)###
#..........##....))###


You could see a titan (empowered), a fire giant (empowered), a sphinx
(empowered), a stone giant (sheltered), a vault warden (empowered), a balrug
(summoned), a vault guard (sheltered, fleeing), an ironbound frostheart, a deep
elf demonologist, a war gargoyle, a vault sentinel (empowered), a deep elf high
priest (brilliance aura) and an ironbound convoker (empowered).

Vanquished Creatures
  2 dread liches (Depths:4)
  Mara (Depths:1)
  2 ancient liches (Depths:4)
  A juggernaut (Depths:1)
  Bai Suzhen (Depths:1)
  The ghost of frimble the Warrior, a veteran DsEE of Cheibriados (Depths:4)
  A golden dragon (Depths:4)
  Nikola (Arena)
  2 tentacled monstrosities
  A walking crystal tome (Depths:2)
  Jorgrun (D:14)
  A walking divine tome (Depths:2)
  2 liches
  2 walking earthen tomes (Depths:3)
  2 quicksilver dragons
  A titan (Vaults:5)
  3 walking frostbound tomes
  The ghost of Zonian the Spry, an adept SpBr of Dithmenos (Vaults:1)
  Gastronok (Orc:1)
  An acid blob (D:14)
  The ghost of Venk the Fighter, an adept DjFE of Gozag (D:14)
  4 sphinxes
  4 shadow dragons
  Roxanne (Arena)
  4 storm dragons
  An azure jelly (D:14)
  5 tengu reavers
  The ghost of Sobieck the Eclecticist, an adept DjFE of Hepliaklqana (Snake:4)
  The ghost of Heluore the Spry, an adept DsGl of Wu Jian (Shoals:1)
  Donald (Vaults:2)
  13 nagarajas
  9 frost giants
  An orc warlord (Orc:2)
  A draconian knight (Depths:4)
  17 vault wardens
  9 fire giants
  A balrug (Depths:1)
  Louise (D:15)
  Aizul (Snake:3)
  5 spectral caustic shrikes (Depths:4)
  2 war gargoyles
  A draconian stormcaller (Depths:4)
  12 ironbound preservers
  15 stone giants
  A quicksilver ooze (D:14)
  7 ironbound thunderhulks
  A quicksilver ooze (shapeshifter) (Depths:2)
  25 very ugly things
  8 spriggan defenders
  2 green draconians (Depths:4)
  Nessos (Lair:3)
  A deep elf demonologist (Depths:2)
  4 vampire knights
  4 entropy weavers
  2 purple draconians (Depths:4)
  11 dire elephants
  A yellow draconian (Depths:4)
  18 ettins
  6 spark wasps
  A crystal guardian (Vaults:3)
  7 fire dragons
  7 merfolk javelineers
  Josephine (D:15)
  8 merfolk impalers
  2 deep elf high priests
  3 spriggan zombies (Depths:2)
  12 yaktaur captains
  7 ice dragons
  34 vault guards
  2 rakshasas
  6 great orbs of eyes
  A peacekeeper (Vaults:3)
  9 hydras
  2 catoblepae
  5 merfolk avatars
  2 salamander tyrants (Snake:4)
  3 spriggan air magi
  12 boulder beetles
  5 anacondas
  8 ironbound frosthearts
  7 merfolk aquamancers
  13 centaur warriors
  19 naga warriors
  3 satyrs
  2 death knights (D:13)
  7 two-headed ogres
  A dancing weapon (Snake:4)
  2 alligator snapping turtles
  6 deep troll shamans
  10 tengu warriors
  15 naga sharpshooters
  9 deep troll earth magi
  An orc high priest (Orc:2)
  2 vampire magi (Depths:3)
  3 hell hogs (Depths:1)
  12 hell knights
  9 shock serpents
  5 spriggans
  Nergalle (Orc:1)
  6 iron trolls
  7 spriggan berserkers
  3 salamander mystics
  8 skeletal warriors
  Amaemon (Lair:2)
  A fire crab (D:13)
  7 sun demons
  44 deep trolls
  12 sea snakes
  8 naga ritualists
  2 spark wasp zombies
  4 orange crystal statues (Orc:2)
  4 glowing orange brains
  4 wizards
  5 lindwurms
  3 phantasmal warriors
  A lindwurm (shapeshifter) (D:15)
  Pikel (D:8)
  2 orc knights
  An oklob plant (Arena)
  11 mana vipers
  4 necromancers
  29 harpies
  21 ironbound convokers
  2 mana vipers (shapeshifter)
  5 deep elf pyromancers
  17 salamanders
  2 orc sorcerers (Orc:2)
  7 fauns
  2 tengu skeletons (Depths:2)
  A moth of wrath (shapeshifter) (Depths:2)
  A frost giant skeleton (Depths:2)
  45 ugly things
  7 cyclopes
  29 manticores
  11 merfolk sirens
  A black mamba (shapeshifter) (Depths:3)
  7 guardian serpents
  2 smoke demons (Depths:1)
  18 vault sentinels
  40 black mambas
  4 torpor snails (Lair:1)
  5 water nymphs
  34 elephants
  An eye of devastation (D:14)
  2 gargoyles (D:14)
  14 naga magi
  An unseen horror (D:12)
  4 orange demons
  10 cane toads
  4 rime drakes (Lair:5)
  4 demonic crawlers (D:14)
  A kobold demonologist (D:14)
  5 tengu conjurers
  9 komodo dragons
  35 yaktaurs
  A hellwing (Lair:5)
  An ice devil (Lair:5)
  5 freezing wraiths
  A red devil (Lair:5)
  39 merfolk
  A queen bee (shapeshifter) (D:13)
  4 efreet
  A troll (shapeshifter) (Depths:4)
  4 polar bears
  10 trolls
  8 wind drakes
  11 blink frogs
  A tarantella (Vaults:4)
  8 hornets
  A spriggan skeleton (Depths:1)
  A wolf spider simulacrum (D:14)
  21 slime creatures
  14 snapping turtles
  A frost giant simulacrum (Depths:1)
  6 dream sheep (Lair:4)
  2 centaur simulacra (D:15)
  A jumping spider (shapeshifter) (D:15)
  A vampire (D:13)
  7 small abominations
  8 wraiths
  14 yaks
  4 shadows
  2 wyverns
  11 basilisks
  2 fire bats (Depths:1)
  2 fire elementals (Depths:1)
  A hog (shapeshifter) (Depths:2)
  13 water elementals
  16 humans (D:13)
  A steam dragon (D:6)
  4 redbacks
  3 chaos spawn (Depths:3)
  A steam dragon (shapeshifter) (D:8)
  7 vampire mosquitoes
  8 large abominations (Depths:3)
  2 wargs (Orc:2)
  30 nagas
  2 acid dragons
  4 hell hounds (Lair:5)
  22 water moccasins
  2 floating eyes
  23 orc warriors
  A floating eye zombie (Depths:2)
  An ice beast (D:6)
  2 sky beasts
  A black bear (D:7)
  11 ogres
  2 wolves
  4 boggarts (Vaults:4)
  15 centaurs
  3 phantoms
  A lemure (D:8)
  2 kobold brigands (D:11)
  4 bullfrogs
  A human simulacrum (Depths:1)
  4 scorpions
  A glowing shapeshifter simulacrum (Depths:2)
  A gnoll sergeant (D:9)
  2 necrophages
  6 wights
  21 killer bees
  3 troll zombies (D:10)
  5 electric eels
  2 howler monkeys
  4 jellies
  20 orc priests
  2 gnoll boudas
  2 hounds
  2 iguanas
  Jessica (D:2)
  23 orc wizards
  3 ogre zombies (D:10)
  11 gnolls
  6 adders
  3 white imps
  2 ufetubi
  2 worms
  A dart slug (D:2)
  95 orcs
  8 ball pythons
  8 endoplasms
  5 giant cockroaches
  9 hobgoblins
  2 jackals (D:5)
  5 quokkas
  7 bats
  2 frilled lizards
  6 goblins
  A goblin skeleton (D:10)
  3 goblin zombies (D:10)
  2 hobgoblin skeletons (D:10)
  5 hobgoblin zombies (D:10)
  12 kobolds
  8 orc zombies (D:10)
  8 rats
  A ball lightning (D:15)
  A bush (Lair:3)
1709 creatures vanquished.

Vanquished Creatures (collateral kills)
  A kobold (D:4)
1 creature vanquished.

Vanquished Creatures (others)
  The ghost of Kink the Eclecticist, an adept DEFE of Vehumet (D:15)
  A war gargoyle (Vaults:5)
  An ironbound preserver (Vaults:2)
  A stone giant (D:15)
  A dire elephant (Vaults:3)
  2 merfolk impalers (D:15)
  2 merfolk javelineers (D:15)
  3 centaur warriors
  A water nymph (Shoals:1)
  A yaktaur (shapeshifter) (D:13)
  4 water elementals (Depths:1)
  6 hydra simulacra (Depths:1)
  An orc warrior (D:15)
  An orc (Orc:2)
  3 ball lightnings (D:15)
  3 bushes (Lair:1)
  20 fungi
  71 plants
123 creatures vanquished.

Grand Total: 1833 creatures vanquished

Notes
Turn   | Place    | Note
-------+----------+-------------------------------------------
     0 | D:1      | greasedhog the Gargoyle Wanderer began the quest for the
                  | Orb.
     0 | D:1      | greasedhog set off with the following items: a +0 long
                  | sword, a +0 sling, a +0 ring mail, a scroll of
                  | vulnerability.
     0 | D:1      | Reached XP level 1. HP: 12/12 MP: 1/1
   189 | D:1      | Reached XP level 2. HP: 11/17 MP: 2/2
   354 | D:1      | Reached skill level 2 in Fighting
   449 | D:1      | Found Dal Cinuc's Book Shop.
   689 | D:1      | Reached XP level 3. HP: 19/21 MP: 3/3
  1279 | D:2      | Reached skill level 5 in Long Blades
  1805 | D:2      | Noticed Jessica
  1811 | D:2      | Killed Jessica
  1812 | D:2      | Reached skill level 3 in Fighting
  1812 | D:2      | Reached XP level 4. HP: 28/28 MP: 4/4
  2454 | D:3      | Identified a scroll of acquirement
  2454 | D:3      | Acquired a +4 demon blade of electrocution
  2676 | D:3      | Reached XP level 5. HP: 32/32 MP: 5/5
  2943 | D:4      | Noticed an ogre
  2947 | D:4      | Noticed an ogre
  2952 | D:4      | Killed an ogre
  2953 | D:4      | Reached skill level 4 in Fighting
  2955 | D:4      | Reached XP level 6. HP: 35/39 MP: 6/6
  3127 | D:4      | Found a glowing silver altar of Zin.
  3134 | D:4      | Found a bloodstained altar of Trog.
  3196 | D:4      | Reached skill level 5 in Fighting
  3402 | D:4      | Reached XP level 7. HP: 37/44 MP: 7/7
  4079 | D:5      | Entered Level 5 of the Dungeon
  4099 | D:5      | Reached skill level 5 in Armour
  4104 | D:5      | Reached XP level 8. HP: 33/49 MP: 8/8
  4303 | D:5      | Reached skill level 1 in Dodging
  5330 | D:6      | Reached XP level 9. HP: 49/54 MP: 9/9
  5481 | D:6      | Noticed a troll
  5486 | D:6      | Killed a troll
  5718 | D:6      | Reached skill level 5 in Dodging
  6223 | D:7      | Found a staircase to the Ecumenical Temple.
  6233 | Temple   | Entered the Ecumenical Temple
  6575 | Temple   | Became a worshipper of Warmaster Okawaru
  6678 | D:7      | Noticed a hornet
  6684 | D:7      | Killed a hornet
  6973 | D:7      | Identified the +5 dagger of Tiwoet {protect, Will+ Int+4}
  7061 | D:7      | Reached skill level 10 in Long Blades
  7136 | D:7      | Reached * piety under Okawaru
  7137 | D:7      | Reached skill level 1 in Invocations
  7141 | D:7      | Reached XP level 10. HP: 54/59 MP: 9/11
  7310 | D:8      | Noticed a cyclops
  7310 | D:8      | a wind drake changed into a cyclops
  7312 | D:8      | Noticed a purple ugly thing
  7313 | D:8      | Noticed a centaur warrior
  7314 | D:8      | a cyclops changed into a jumping spider
  7318 | D:8      | Noticed a mana viper
  7318 | D:8      | a jumping spider changed into a mana viper
  7326 | D:8      | Killed a mana viper
  7333 | D:8      | Killed a purple ugly thing
  7333 | D:8      | Reached ** piety under Okawaru
  7341 | D:8      | Killed a centaur warrior
  7342 | D:8      | Reached skill level 5 in Invocations
  7764 | D:8      | Noticed Pikel
  7788 | D:8      | Killed Pikel
  7971 | D:8      | Noticed a red ugly thing
  7981 | D:8      | Killed a red ugly thing
  7981 | D:8      | Reached *** piety under Okawaru
  8132 | D:8      | Noticed a manticore
  8132 | D:8      | Noticed a manticore
  8148 | D:8      | Killed a manticore
  8149 | D:8      | Reached XP level 11. HP: 64/64 MP: 12/16
  8189 | D:8      | Killed a manticore
  8378 | D:8      | Noticed a centaur warrior
  8384 | D:8      | Killed a centaur warrior
  8384 | D:8      | Reached **** piety under Okawaru
  8959 | D:9      | Found a staircase to the Lair.
  9373 | D:9      | Noticed a cyclops
  9382 | D:9      | Killed a cyclops
 10086 | D:10     | Entered Level 10 of the Dungeon
 10721 | D:10     | Found a shadowy altar of Dithmenos.
 10722 | D:10     | Found a burning altar of Makhleb.
 10724 | D:10     | Found a broken altar of Ashenzari.
 10724 | D:10     | Found an ornate altar of the Wu Jian Council.
 10726 | D:10     | Found a shimmering blue altar of Sif Muna.
 10727 | D:10     | Found a sacrificial altar of Ru.
 10732 | D:10     | Noticed a two-headed ogre
 10749 | D:10     | Killed a two-headed ogre
 10749 | D:10     | Reached ***** piety under Okawaru
 10824 | D:10     | Found a staircase to the Orcish Mines.
 11465 | Lair:1   | Entered Level 1 of the Lair of Beasts
 11557 | Lair:1   | Received a gift from Okawaru
 11725 | Lair:1   | Found a snail-covered altar of Cheibriados.
 11735 | Lair:1   | Reached skill level 10 in Invocations
 12091 | Lair:1   | Noticed a four-headed hydra
 12114 | Lair:1   | Killed a four-headed hydra
 12115 | Lair:1   | Reached XP level 12. HP: 50/68 MP: 17/19
 12731 | Lair:2   | Noticed a five-headed hydra
 12755 | Lair:2   | Killed a six-headed hydra
 13039 | Lair:2   | Noticed Amaemon
 13367 | Lair:2   | Noticed a six-headed hydra
 13385 | Lair:2   | Killed a seven-headed hydra
 13701 | Lair:2   | Reached ****** piety under Okawaru
 13715 | Lair:2   | Received a gift from Okawaru
 13716 | Lair:2   | Reached skill level 6 in Fighting
 14072 | Lair:2   | Killed Amaemon
 14563 | Lair:3   | Found a staircase to the Snake Pit.
 14575 | Lair:3   | Noticed an eight-headed hydra
 14591 | Lair:3   | Killed an eight-headed hydra
 14592 | Lair:3   | Reached skill level 7 in Fighting
 14762 | Lair:3   | Noticed Nessos
 14778 | Lair:3   | Killed Nessos
 14779 | Lair:3   | Reached XP level 13. HP: 37/76 MP: 22/22
 15473 | Arena    | Entered the Arena
 15481 | Arena    | Received a gift from Okawaru
 15557 | Lair:3   | Identified the ring "Weci" {rCorr AC+4 Stlth+}
 15696 | Lair:3   | Found a staircase to the Shoals.
 15953 | Lair:3   | Reached skill level 8 in Fighting
 16643 | Lair:4   | Reached skill level 9 in Fighting
 17221 | Lair:4   | Identified the +3 scale mail "Aretaesk" {Harm rC+} (Okawaru
                  | gifted it to you on level 4 of the Lair of Beasts)
 17221 | Lair:4   | Received a gift from Okawaru
 17286 | Lair:4   | Reached skill level 10 in Fighting
 17404 | Lair:4   | Found a viscous altar of Jiyva.
 17404 | Lair:4   | Found a staircase to the Slime Pits.
 17835 | Lair:5   | Entered Level 5 of the Lair of Beasts
 18505 | Lair:5   | Noticed a dire elephant
 18525 | Lair:5   | Gained mutation: Your large and strong wings let you fly.
                  | [Gargoyle growth]
 18525 | Lair:5   | Reached XP level 14. HP: 57/88 MP: 17/24
 18536 | Lair:5   | Killed a dire elephant
 19565 | Lair:5   | Received a gift from Okawaru
 20106 | Lair:5   | Found a burning altar of Makhleb.
 20115 | Lair:5   | Reached skill level 10 in Armour
 20145 | Lair:5   | Reached skill level 1 in Evocations
 20189 | Lair:5   | Found a gateway to Hell.
 20627 | D:11     | Found Qygeydy's Antique Armour Shoppe.
 20658 | D:11     | Bought a spiked scale mail for 225 gold pieces
 20658 | D:11     | Identified the +0 scale mail "Hiopimatou" {rPois rC+++
                  | Stlth-} (You bought it in a shop on level 11 of the
                  | Dungeon)
 20752 | D:11     | Found Kuckelop's Book Shop.
 20812 | D:11     | Found Arghaosh's Distillery.
 20819 | D:11     | Bought a potion of might for 60 gold pieces
 20819 | D:11     | Bought a potion of haste for 150 gold pieces
 20819 | D:11     | Bought a potion of lignification for 45 gold pieces
 20819 | D:11     | Found Cagotat's General Store.
 21139 | D:11     | HP: 4/88 [eight-headed hydra (5)]
 21163 | D:11     | Identified the +9 scale mail "Ucvewi Cicoss" {*Slow rPois
                  | Slay+6} (Okawaru gifted it to you on level 11 of the
                  | Dungeon)
 21163 | D:11     | Received a gift from Okawaru
 21608 | D:11     | Found an ancient bone altar of Kikubaaqudgha.
 21609 | D:11     | Found a shimmering altar of Xom.
 21610 | D:11     | Found a hide-covered altar of Uskayaw.
 21610 | D:11     | Found an iron altar of Okawaru.
 21877 | D:11     | Identified the ring of Deuc {Will+ EV+4 Dex+2}
 22021 | D:11     | Found Cakhliun's Antique Weapon Shoppe.
 22425 | Orc:1    | Entered Level 1 of the Orcish Mines
 22425 | Orc:1    | Noticed Nergalle
 22444 | Orc:1    | Killed Nergalle
 22550 | Orc:2    | Entered Level 2 of the Orcish Mines
 22550 | Orc:2    | Found a staircase to the Elven Halls.
 22658 | Orc:2    | Reached skill level 5 in Evocations
 22757 | Orc:2    | Reached XP level 15. HP: 92/92 MP: 25/25
 22791 | Orc:2    | Found Ytaucyma's Assorted Antiques.
 22865 | Orc:2    | Bought a steaming helmet for 351 gold pieces
 22865 | Orc:2    | Identified the +1 helmet of Death Resistance {rPois rF+
                  | Str+4 Stlth-} (You bought it in a shop on level 2 of the
                  | Orcish Mines)
 22976 | Orc:2    | Found a runed translucent door.
 23166 | Orc:1    | Noticed Gastronok
 23170 | Orc:1    | Reached skill level 10 in Dodging
 23184 | Orc:1    | Killed Gastronok
 23297 | Orc:2    | Found a runed translucent door.
 23555 | Orc:2    | Noticed an orc warlord
 23577 | Orc:2    | Killed an orc warlord
 23819 | Orc:2    | Found Besun's Antique Armour Boutique.
 23821 | Orc:2    | Found Qieraaps's Antique Weapon Shop.
 23828 | Orc:2    | Bought a pair of blackened gloves for 294 gold pieces
 23828 | Orc:2    | Identified the +2 pair of gloves "Fotuam" {rC+} (You bought
                  | it in a shop on level 2 of the Orcish Mines)
 23828 | Orc:2    | Bought an embroidered cloak for 232 gold pieces
 23881 | Orc:2    | Found Fexkuif's Armour Shop.
 24109 | Orc:2    | Identified the +0 tower shield "Liarhef" {rC- Str+7}
 24521 | Snake:1  | Entered Level 1 of the Snake Pit
 24884 | Snake:1  | Found Ahuoh's Neck Hole.
 24917 | Snake:1  | Reached skill level 11 in Fighting
 25078 | Snake:1  | Received a gift from Okawaru
 25748 | Snake:2  | Noticed a nagaraja
 25772 | Snake:2  | Killed a nagaraja
 25916 | Snake:2  | Found Otoceam's Assorted Antiques.
 25943 | Snake:2  | Found Usithrus's Book Shop.
 25952 | Snake:2  | Bought a metallic brown potion for 25 gold pieces
 25952 | Snake:2  | Bought a scroll of identify for 56 gold pieces
 25952 | Snake:2  | Bought a metallic brown potion for 25 gold pieces
 25952 | Snake:2  | Bought a scroll of enchant weapon for 210 gold pieces
 26209 | Snake:2  | Reached skill level 12 in Fighting
 26214 | Snake:2  | Got the Octavo of Putrid Rime
 26394 | Snake:2  | Identified the +7 long sword "Killer Bee's Death" {vorpal,
                  | *Slow +Blink Dex+4 Stlth+} (Okawaru gifted it to you on
                  | level 2 of the Snake Pit)
 26394 | Snake:2  | Received a gift from Okawaru
 26818 | Snake:3  | Reached XP level 16. HP: 85/103 MP: 26/26
 27010 | Snake:3  | Found Loirrova's Armour Shoppe.
 27022 | Snake:3  | Found Keocoeh's Antique Weapon Emporium.
 27486 | Snake:3  | Found Ublohei's General Store.
 27487 | Snake:3  | Found Suscheluel's Specific Store.
 27497 | Snake:3  | Bought a potion of haste for 170 gold pieces
 27497 | Snake:3  | Bought 2 potions of curing for 102 gold pieces
 27533 | Snake:3  | Reached skill level 13 in Fighting
 27541 | Snake:3  | Identified the +0 cloak of Emyorou {rC+ Str+4 Stlth-}
                  | (Okawaru gifted it to you on level 3 of the Snake Pit)
 27541 | Snake:3  | Received a gift from Okawaru
 27657 | Snake:3  | Noticed Aizul
 27680 | Snake:3  | Killed Aizul
 28018 | Snake:3  | Reached skill level 10 in Evocations
 29149 | Snake:4  | Entered Level 4 of the Snake Pit
 29187 | Snake:4  | Reached skill level 14 in Fighting
 29233 | Snake:4  | Noticed a nagaraja
 29245 | Snake:4  | Noticed a nagaraja
 29252 | Snake:4  | Killed a nagaraja
 29256 | Snake:4  | Killed a nagaraja
 29487 | Snake:4  | Noticed a nagaraja
 29502 | Snake:4  | Killed a nagaraja
 29518 | Snake:4  | Identified the +3 great sword "Gyenip" {freeze, Drain rElec
                  | Dex+3 Stlth+} (Okawaru gifted it to you on level 4 of the
                  | Snake Pit)
 29518 | Snake:4  | Received a gift from Okawaru
 29562 | Snake:4  | HP: 4/107 [constriction (5)]
 29916 | Snake:4  | Noticed a nagaraja
 29930 | Snake:4  | Killed a nagaraja
 29982 | Snake:4  | Noticed a nagaraja
 30000 | Snake:4  | Killed a nagaraja
 30003 | Snake:4  | Noticed a nagaraja
 30016 | Snake:4  | Killed a nagaraja
 30017 | Snake:4  | Reached skill level 15 in Fighting
 30371 | Snake:4  | Reached skill level 1 in Shields
 30716 | Snake:4  | Reached XP level 17. HP: 104/113 MP: 27/27
 30753 | Snake:4  | Identified the +2 helmet of Altruism {Slay+3} (Okawaru
                  | gifted it to you on level 4 of the Snake Pit)
 30753 | Snake:4  | Received a gift from Okawaru
 30899 | Snake:4  | Found a runed translucent door.
 30912 | Snake:4  | Noticed Sobieck's ghost (adept DjFE)
 30913 | Snake:4  | Found a shimmering altar of Xom.
 30975 | Snake:4  | Killed Sobieck's ghost
 31254 | Snake:4  | Reached skill level 5 in Shields
 31429 | Snake:4  | Got a serpentine rune of Zot
 31718 | Shoals:1 | Entered Level 1 of the Shoals
 31770 | Shoals:1 | Noticed Heluore's ghost (adept DsGl)
 32082 | Shoals:1 | Found a transporter.
 32082 | Shoals:1 | Identified the +3 robe "Ottaf" {rC+ Int+2 Slay-6}
 32086 | Shoals:1 | Found a transporter.
 32187 | Shoals:1 | Killed Heluore's ghost
 32329 | Shoals:1 | Received a gift from Okawaru
 33145 | Shoals:2 | Identified the +0 pair of boots "Zainea Hito" {rC++ Will+
                  | Str+3 Dex-2}
 33489 | Shoals:2 | Reached XP level 18. HP: 119/119 MP: 28/28
 33853 | Shoals:3 | Reached skill level 15 in Armour
 33880 | Shoals:3 | Reached skill level 10 in Shields
 34750 | Shoals:4 | Entered Level 4 of the Shoals
 34772 | Shoals:4 | Received a gift from Okawaru
 34908 | Shoals:4 | Received a gift from Okawaru
 35002 | Shoals:4 | Identified the +5 whip of the Special Tusks {flame, rC+}
 35142 | Shoals:4 | Got the Almanac of Rime and the Summer
 35569 | Shoals:4 | Got a barnacled rune of Zot
 36134 | D:12     | Received a gift from Okawaru
 36925 | D:13     | Found a gate to the Vaults.
 36975 | D:13     | Reached XP level 19. HP: 124/124 MP: 29/29
 37090 | D:13     | Acquired 669 gold pieces
 37851 | D:14     | Noticed Jorgrun
 37851 | D:14     | Noticed Roxanne
 37885 | D:14     | Killed Jorgrun
 37891 | D:14     | Identified the +0 pair of boots of Okawaru's Anger {rF-
                  | Regen+ Dex-5 SInv} (Okawaru gifted it to you on level 14 of
                  | the Dungeon)
 37891 | D:14     | Received a gift from Okawaru
 37956 | Arena    | Entered the Arena
 37972 | Arena    | Killed Roxanne
 38100 | D:14     | Found a runed translucent gate.
 38100 | D:14     | Noticed Venk's ghost (adept DjFE)
 38101 | D:14     | Found a runed translucent gate.
 38101 | D:14     | Found a runed translucent gate.
 38114 | D:14     | Found a viscous altar of Jiyva.
 38505 | D:14     | Paralysed by a floating eye for 4 turns
 38868 | D:14     | Killed Venk's ghost
 38893 | D:14     | Identified the +8 flail of the Moon {drain, Fragile rF+
                  | rCorr Stlth+}
 38905 | D:15     | Entered Level 15 of the Dungeon
 38934 | D:15     | Noticed Josephine
 38941 | D:15     | Killed Josephine
 39177 | D:15     | Reached skill level 15 in Shields
 39231 | D:15     | Noticed Louise
 39263 | D:15     | Killed Louise
 39857 | D:15     | Received a gift from Okawaru
 40046 | D:15     | Found a staircase to the Depths.
 40332 | D:15     | Found a runed translucent gate.
 40333 | D:15     | Found a runed translucent gate.
 40333 | D:15     | Found a runed translucent gate.
 40337 | D:15     | Noticed Kink's ghost (adept DEFE)
 40357 | D:15     | Found a radiant altar of Vehumet.
 40397 | D:15     | Found an iron altar of Okawaru.
 40418 | D:15     | Killed Kink's ghost
 40431 | D:15     | Identified the +11 rapier "Killer Bee's Curse" {vorpal,
                  | rC+++ Str+5 Int-2}
 40560 | Vaults:1 | Entered Level 1 of the Vaults
 40706 | Vaults:1 | Reached XP level 20. HP: 56/131 MP: 25/30
 41265 | Vaults:1 | Found a runed translucent gate.
 41265 | Vaults:1 | Found a runed translucent gate.
 41265 | Vaults:1 | Found a runed translucent gate.
 41265 | Vaults:1 | Noticed Zonian's ghost (adept SpBr)
 41368 | Vaults:1 | Killed Zonian's ghost
 41476 | Vaults:1 | Reached skill level 16 in Fighting
 42140 | Vaults:2 | Received a gift from Okawaru
 42187 | Vaults:2 | Received a gift from Okawaru
 42371 | Vaults:2 | Identified the ring of Tuis {rElec rF+ rC- rN+}
 42436 | Vaults:2 | Noticed Donald
 42594 | Vaults:2 | Killed Donald
 42921 | Vaults:2 | Found a huge runed gate.
 42921 | Vaults:2 | Found a huge runed gate.
 42921 | Vaults:2 | Found a huge runed gate.
 42922 | Vaults:2 | Found a huge runed gate.
 42922 | Vaults:2 | Found a huge runed gate.
 42922 | Vaults:2 | Found a huge runed gate.
 42923 | Vaults:2 | Found a huge runed gate.
 42923 | Vaults:2 | Found a huge runed gate.
 42923 | Vaults:2 | Found a huge runed gate.
 42923 | Vaults:2 | Found a huge runed gate.
 42926 | Vaults:2 | Found a huge runed gate.
 42926 | Vaults:2 | Found a huge runed gate.
 42926 | Vaults:2 | Found a huge runed gate.
 42926 | Vaults:2 | Found a huge runed gate.
 42926 | Vaults:2 | Found a huge runed gate.
 42926 | Vaults:2 | Found a huge runed gate.
 42927 | Vaults:2 | Found a huge runed gate.
 42928 | Vaults:2 | Found a huge runed gate.
 42929 | Vaults:2 | Found a huge runed gate.
 42937 | Vaults:2 | Found a huge runed gate.
 42937 | Vaults:2 | Found a huge runed gate.
 42937 | Vaults:2 | Found a huge runed gate.
 42937 | Vaults:2 | Found a huge runed gate.
 42937 | Vaults:2 | Found a huge runed gate.
 42937 | Vaults:2 | Found a huge runed gate.
 42940 | Vaults:2 | Found a huge runed gate.
 42942 | Vaults:2 | Found a huge runed gate.
 42943 | Vaults:2 | Found a huge runed gate.
 42951 | Vaults:2 | Found a huge runed gate.
 42951 | Vaults:2 | Found a huge runed gate.
 42951 | Vaults:2 | Found a huge runed gate.
 42951 | Vaults:2 | Found a huge runed gate.
 42951 | Vaults:2 | Found a huge runed gate.
 42951 | Vaults:2 | Found a huge runed gate.
 42952 | Vaults:2 | Found a huge runed gate.
 42953 | Vaults:2 | Found a huge runed gate.
 43356 | Vaults:2 | Reached skill level 17 in Fighting
 43427 | Vaults:2 | Identified the +10 trident "Fozegg" {vorpal, +Blink rPois
                  | Dex+4 SInv}
 43535 | Vaults:3 | Found a flickering gateway to a bazaar.
 43547 | Bazaar   | Entered a bazaar
 43560 | Bazaar   | Found Seliqet's Jewellery Shoppe.
 43571 | Bazaar   | Found Feuboale's Assorted Antiques.
 43579 | Bazaar   | Bought a scroll of enchant armour for 127 gold pieces
 43579 | Bazaar   | Bought a potion of might for 68 gold pieces
 43625 | Bazaar   | Found Uqizee Fysie's Jewellery Shoppe.
 43729 | Bazaar   | Found Hediyhuf's Assorted Antiques.
 43737 | Bazaar   | Bought a potion of might for 120 gold pieces
 43737 | Bazaar   | Bought a scroll of enchant weapon for 225 gold pieces
 44313 | Vaults:3 | Noticed Nikola
 44875 | Vaults:2 | Received a gift from Okawaru
 45076 | Vaults:3 | Reached skill level 15 in Dodging
 45151 | Vaults:3 | Found a staircase to the Crypt.
 45151 | Vaults:3 | Found a basalt altar of Yredelemnul.
 45152 | Vaults:3 | Found an ancient bone altar of Kikubaaqudgha.
 45169 | Vaults:3 | Reached skill level 18 in Fighting
 45186 | Vaults:3 | Reached XP level 21. HP: 81/141 MP: 31/31
 45409 | Arena    | Entered the Arena
 45422 | Arena    | Killed Nikola
 46247 | Arena    | Entered the Arena
 46271 | Vaults:4 | Identified the +8 morningstar "Tassow" {holy, *Noise rPois
                  | Str+8 Int-2}
 46640 | Vaults:4 | Received a gift from Okawaru
 46641 | Vaults:4 | Reached skill level 19 in Fighting
 46920 | Vaults:4 | Found Yxzoudeo's Weapon Shoppe.
 47753 | Depths:1 | Entered Level 1 of the Depths
 47802 | Depths:1 | Identified the +1 fire dragon scales of Rationality {rF++
                  | rC- rCorr Stlth+} (Okawaru gifted it to you on level 1 of
                  | the Depths)
 47802 | Depths:1 | Received a gift from Okawaru
 47858 | Depths:1 | Noticed Mara
 47862 | Depths:1 | Noticed greasedhog's illusion
 47909 | Depths:1 | Noticed greasedhog's illusion
 47917 | Depths:1 | Killed Mara
 47948 | Depths:1 | Noticed Bai Suzhen
 48031 | Depths:1 | Killed Bai Suzhen
 48054 | Depths:1 | Reached skill level 20 in Fighting
 48090 | Depths:1 | Reached XP level 22. HP: 138/152 MP: 32/32
 48403 | Depths:1 | Identified the +3 ring mail of the Festooned God {Dex+3
                  | SInv}
 48588 | Depths:1 | Noticed a juggernaut
 48604 | Depths:1 | Killed a juggernaut
 48759 | Depths:1 | Found a transporter.
 48774 | Depths:1 | Found a transporter.
 48803 | Depths:1 | Found a transporter.
 48950 | Depths:1 | Found a transporter.
 49100 | Depths:2 | Found a one-way gate leading to the halls of Pandemonium.
 49173 | Depths:2 | Received a gift from Okawaru
 49307 | Depths:2 | Found a one-way gateway to a ziggurat.
 49451 | Depths:2 | Found a one-way gate to the infinite horrors of the Abyss.
 49672 | Depths:2 | Reached skill level 21 in Fighting
 49940 | Depths:2 | Identified the +1 pair of boots of the Stars {Regen+}
                  | (Okawaru gifted it to you on level 2 of the Depths)
 49940 | Depths:2 | Received a gift from Okawaru
 50269 | Depths:2 | Identified the +1 robe of the Sun {rCorr Int+2}
 50325 | Depths:2 | Identified the +5 longbow "Ijuzet" {freeze, rC+ rCorr}
 50528 | Depths:2 | Found Fasul's Assorted Antiques.
 50536 | Depths:2 | Bought a scroll of magic mapping for 217 gold pieces
 50536 | Depths:2 | Bought a scroll of blinking for 217 gold pieces
 50536 | Depths:2 | Bought a scroll of magic mapping for 217 gold pieces
 50880 | Depths:3 | Reached XP level 23. HP: 152/161 MP: 33/33
 50917 | Depths:3 | Found a white marble altar of Elyvilon.
 50918 | Depths:3 | Found a glowing golden altar of the Shining One.
 50919 | Depths:3 | Found a glowing silver altar of Zin.
 51031 | Depths:3 | Reached skill level 22 in Fighting
 51710 | Depths:3 | Received a gift from Okawaru
 52629 | Depths:4 | Entered Level 4 of the Depths
 52887 | Depths:4 | Found a gate to the Realm of Zot.
 52888 | Depths:4 | Noticed a golden dragon
 52906 | Depths:4 | Identified the +9 trident "Jighuil" {flame, +Blink rPois
                  | Int-2 Dex+3} (Okawaru gifted it to you on level 4 of the
                  | Depths)
 52906 | Depths:4 | Received a gift from Okawaru
 52949 | Depths:4 | Reached skill level 23 in Fighting
 53009 | Depths:4 | Killed a golden dragon
 53226 | Depths:4 | Found a runed translucent gate.
 53226 | Depths:4 | Found a runed translucent gate.
 53226 | Depths:4 | Found a runed translucent gate.
 53226 | Depths:4 | Found an ancient bone altar of Kikubaaqudgha.
 53226 | Depths:4 | Noticed a dread lich
 53227 | Depths:4 | Noticed frimble's ghost (veteran DsEE)
 53227 | Depths:4 | Noticed an ancient lich
 53227 | Depths:4 | Noticed a dread lich
 53227 | Depths:4 | Noticed an ancient lich
 53311 | Depths:4 | Identified the +0 leather armour of Inquiry {Rampage Will+}
 53783 | Depths:4 | Killed a dread lich
 53804 | Depths:4 | Killed a dread lich
 53820 | Depths:4 | Killed an ancient lich
 53872 | Depths:4 | Killed frimble's ghost
 53910 | Depths:4 | Killed an ancient lich
 53919 | Depths:4 | Identified the ring of Hymiliosm {*Corrode rF+ Str+4 Int+4
                  | Dex+4}
 53942 | Depths:4 | Identified the +1 pair of boots of the Wilderness {*Slow
                  | Int+5 SInv}
 54327 | Vaults:5 | Entered Level 5 of the Vaults
 54339 | Vaults:5 | Received a gift from Okawaru
 54347 | Vaults:5 | Reached XP level 24. HP: 108/172 MP: 27/33
 54352 | Arena    | Entered the Arena
 54633 | Vaults:5 | Reached skill level 24 in Fighting
 54824 | Vaults:5 | Received a gift from Okawaru
 54902 | Vaults:5 | Killed from afar by a deep elf high priest

Illustrated notes

Levels and vault maps discovered:
D:1:      reono_arrival_forest_river, layout_loops_ring, serial_shops, shop,
          corexii_leaking_fountain
D:2:      layout_basic, uniq_jessica
D:3:      layout_rooms, minmay_misc_feat_five
D:4:      minmay_chambers_of_fours, layout_rooms,
          mainiacjoe_overflow_catwalk_spiral, kennysheep_generic_room_3
D:5:      layout_loops_cross, hellmonk_bongcloud_opening
D:6:      hangedman_cross_stitches, layout_loops_ring, minmay_chambers_of_fives
D:7:      layout_cave_pools, minmay_temple_entry_statues_pillars,
          minmay_misc_feat_room, minmay_misc_feat_square, moated_statue
D:8:      minmay_tri_box, layout_cave_pods, uniq_pikel
D:9:      layout_irregular_city, david_lair_shrubbed, lightli_minifort
D:10:     layout_basic, grunt_temple_overflow_open, zombieorc1_lemuel,
          minivault_16
D:11:     minmay_the_grid_octo_tiled_squarecenter [minmay_the_grid_octo_77,
          minmay_the_grid_octo_fat_diamond, minmay_the_grid_octo_shrine,
          minmay_the_grid_octo_clover_2,
          minmay_the_grid_square_5x5_megaprize_diamond,
          minmay_the_grid_square_5x5_six,
          minmay_the_grid_square_5x5_eight_small,
          minmay_the_grid_square_5x5_three, minmay_the_grid_square_5x5_inner_z],
          layout_stronghold, serial_shops, shop_fountains,
          nicolae_stop_n_shop_1, nicolae_stop_n_shop_1, shop,
          nicolae_diamond_shop
D:12:     layout_long_grid
D:13:     kennysheep_green_arena, layout_loops_ring, david_vaults_3
D:14:     cheibrodos_hippocracy, layout_irregular_city, gammafunk_ghost_ooze,
          minivault_24, uniq_jorgrun, uniq_roxanne
D:15:     grunt_enter_depths_hoard, layout_layer_cave, serial_ice, serial_ice_f,
          serial_ice_h, serial_ice_k, serial_ice_a,
          gammafunk_ghost_fury_of_okawaru, roderic_serpentine_path,
          minmay_misc_feat_x, nicolae_vehumet_altar_sigil, uniq_louise,
          uniq_josephine
Temple:   minmay_temple_curvy_branch
Lair:1:   layout_roguey, serial_forest, infiniplex_forest_end_2,
          infiniplex_forest_lined_4_way, infiniplex_forest_lined_4_way,
          infiniplex_forest_straight_2, infiniplex_forest_pool,
          infiniplex_forest_lined_corner, infiniplex_forest_straight_2,
          infiniplex_forest_lined_3, kennysheep_snail_temple
Lair:2:   layout_misc_corridors, uniq_amaemon
Lair:3:   layout_regular_city, minmay_shoals_entry_hut,
          minmay_snake_entry_six_corridors, minmay_lair_oklob_items,
          serial_bayou_shore_a, uniq_nessos
Lair:4:   layout_gridlike, dpeg_slime_entry_enclosed, grunt_megastairs_5,
          infiniplex_staircase_pool_2
Lair:5:   evil_forest, layout_regular_city, gauntlet_entry_generic, st_stairs_9
Shoals:1: cheibrodos_shoals_roost, layout_shoals, gammafunk_ghost_arena
Shoals:2: layout_shoals, nicolae_shoals_land_atoll
Shoals:3: layout_shoals
Shoals:4: shoals_end_simple, layout_shoals
Snake:1:  layout_onion_interference, nicolae_shop_sticking_my_neck_out
Snake:2:  layout_rooms, minmay_shop_star
Snake:3:  layout_chambers, nicolae_specific_store, grunt_ministairs_6,
          minmay_shoptagon, lemuel_fruit_tree, grunt_megastairs_1, uniq_aizul
Snake:4:  grunt_snake_rune_spirals, layout_onion, ebering_ghost_xom, st_stairs_9
Orc:1:    layout_diamond_mine, uniq_nergalle, uniq_gastronok
Orc:2:    grunt_orc_community_town_hall, layout_diamond_mine,
          grunt_orc_community_big_house_1, grunt_orc_community_big_house_1,
          grunt_orc_community_house_3, grunt_orc_community_house_2,
          grunt_orc_community_house_3, grunt_orc_community_house_1,
          chequers_guarded_unrand_ignorance
Vaults:1: ebering_ghost_rock_garden, v_misc_27, v_misc_23, v_misc_27,
          st_spiral_rooms, nicolae_vaults_network_s,
          nicolae_vaults_little_squares_4, vaults_dpeg_emergency_exit,
          layout_vaults_omnigrid
Vaults:2: door_vault, nicolae_vaults_ring_of_whatevers,
          nicolae_vaults_little_squares_4, nicolae_vaults_big_angled_halls,
          vaults_room_pools, vaults_dpeg_spiral, ontoclasm_vaults_gateway,
          v_misc_15, nicolae_vaults_rhombus_5, hangedman_vaults_locks,
          ontoclasm_vaults_decontamination, layout_vaults_big_room, uniq_donald
Vaults:3: v_misc_1, nicolae_vaults_mini_display_case,
          nicolae_vaults_border_crossing, v_misc_13,
          nicolae_vaults_network_quincunx
          [nicolae_vaults_network_quincunx_subvault,
          nicolae_vaults_network_quincunx_subvault,
          nicolae_vaults_network_quincunx_subvault,
          nicolae_vaults_network_quincunx_subvault,
          nicolae_vaults_network_quincunx_subvault], nicolae_vaults_big_ls,
          minmay_crypt_entry_necro_gods, vaults_dpeg_encased_lava, v_misc_27,
          ontoclasm_vaults_pinch, v_misc_19, nicolae_vaults_little_squares_2,
          v_misc_22, st_lattice, nicolae_vaults_little_squares_2,
          layout_vaults_omnicross, serial_shops, bzr_entry_islet, uniq_nikola
Vaults:4: nicolae_vaults_asterisk, nicolae_vaults_little_squares_4,
          vaults_room_semicircle, v_rooms_2, vaults_room_semicircle,
          ontoclasm_vaults_bender, vaults_room_stairs_pillars,
          nicolae_vaults_little_squares_3, v_misc_4, vaults_room_pools,
          ontoclasm_vaults_ligature, v_misc_5, st_cross,
          ontoclasm_vaults_shuriken, layout_vaults_ring, serial_shops,
          nicolae_lakefront_shop
Vaults:5
Depths:1: cheibrodos_hall_of_evolution, layout_basic, hellmouth_3,
          serial_sigils_hangedman_quiver, nicolae_transporter_intersection,
          uniq_bai_suzhen, uniq_mara
Depths:2: evilmike_diamond_1, layout_twisted_cross, enter_ziggurat_f,
          nicolae_abyss_entry_one_way_or_another, serial_shops, shop,
          chequers_serial_rivers_micro_b, pan_entry, hell_entry,
          infiniplex_staircase_river
Depths:3: grunt_deathspiral_small, layout_gridlike, good_gods_temple_1,
          minmay_room_of_horrors, grunt_hell_entry_dis_old,
          infiniplex_staircase_zigzag_3
Depths:4: grunt_zot_entry_tricorne, layout_long_grid, minmay_misc_feat_tiny,
          pf_hell_entry_tar_river, gammafunk_ghost_crypt, pan_entry

Skill      XL: |  1  2  3  4  5  6  7  8  9 10 11 12 13 14 15 16 17 18 19 20 21 22 23 24 |
---------------+-------------------------------------------------------------------------+-----
Fighting       | 2 3 4 5 7 10 12 15 18 20 21 23 24 | 24.4
Long Blades    | 5 6 7 8 10 11 13 14 | 14.0
Armour         | 5 8 10 11 14 15 18 20 | 20.1
Dodging        | 3 6 7 9 10 11 13 15 16 17 | 17.6
Invocations    | 1 7 10 13 14 | 14.0
Evocations     | 5 9 10 | 10.3
Shields        | 2 9 13 15 | 15.0
Ranged Weapons | |  1.0

Action                   |  1- 3 |  4- 6 |  7- 9 | 10-12 | 13-15 | 16-18 | 19-21 | 22-24 || total
-------------------------+-------+-------+-------+-------+-------+-------+-------+-------++-------
Melee: Long sword        |   168 |    31 |       |       |    19 |       |       |       ||   218
       Punch             |     2 |       |     4 |       |       |       |       |       ||     6
       Demon blade       |       |    52 |   259 |   588 |  1381 |  1565 |  2084 |  2073 ||  8002
       Short sword       |       |       |       |    49 |    66 |       |       |       ||   115
       Scimitar          |       |       |       |       |       |       |     9 |       ||     9
 Fire: Sling             |       |       |       |       |       |     4 |       |       ||     4
Throw: Throwing net      |       |       |       |     2 |       |       |       |       ||     2
Invok: Heroism           |       |       |       |     7 |    10 |     7 |    15 |     7 ||    46
       Finesse           |       |       |       |     3 |     8 |     7 |    12 |     8 ||    38
       Duel              |       |       |       |       |     1 |       |     3 |     1 ||     5
Evoke: Wand              |       |     2 |     1 |     4 |     1 |    11 |       |     4 ||    23
  Use: Scroll            |     1 |     5 |     4 |     5 |    14 |     7 |    11 |     4 ||    51
       Potion            |       |       |       |     4 |     8 |     1 |     5 |     5 ||    23
 Stab: Confused          |       |       |     1 |       |       |       |       |       ||     1
       Betrayed ally     |       |       |     1 |       |       |       |       |       ||     1
       Held in net/web   |       |       |       |     1 |       |       |       |       ||     1
       Distracted        |       |       |       |       |       |       |     1 |     1 ||     2
Armor: Ring mail         |    70 |       |       |       |       |       |       |       ||    70
       Chain mail        |    43 |    54 |   146 |   283 |   407 |       |       |       ||   933
       Scale mail        |       |       |       |       |   372 |   726 |   795 |   737 ||  2630
Dodge: Dodged            |    97 |    28 |   141 |   277 |   857 |  1033 |  1148 |  1036 ||  4617
Block: Other             |       |       |    15 |       |       |       |       |       ||    15
       Buckler           |       |       |     9 |   320 |   639 |   175 |       |       ||  1143
       Reflection        |       |       |       |     4 |    18 |    99 |   113 |    18 ||   252
       Kite shield       |       |       |       |       |       |   900 |  1553 |  1428 ||  3881

Table legend: (Time is in decaauts)
 A = Elapsed time spent in this place.
 B = Non-inter-level travel time spent in this place.
 C = Inter-level travel time spent in this place.
 D = Time resting spent in this place.
 E = Time spent auto-exploring this place.
 F = Levels seen in this place.
 G = Mean time per level.
                   A        B        C        D        E       F      G
               +--------+--------+--------+--------+--------+-----+--------+
         Total |  52072 |  49067 |   3005 |   5775 |  32776 |  46 | 1132.0 |
       Dungeon |  17313 |  15996 |   1317 |   1125 |  11896 |  15 | 1154.2 |
        Temple |    364 |    321 |     43 |      0 |    319 |   1 |  364.0 |
          Lair |   8922 |   8514 |    408 |   2755 |   4639 |   5 | 1784.4 |
        Shoals |   3953 |   3763 |    190 |     99 |   2600 |   4 |  988.2 |
     Snake Pit |   6836 |   6610 |    226 |    670 |   4691 |   4 | 1709.0 |
  Orcish Mines |   1831 |   1734 |     97 |    165 |   1120 |   2 |  915.5 |
        Vaults |   6830 |   6385 |    445 |    814 |   3883 |   5 | 1366.0 |
        Depths |   5630 |   5355 |    275 |    111 |   3366 |   4 | 1407.5 |
        Bazaar |    303 |    303 |      0 |      0 |    260 |   1 |  303.0 |
         Arena |     85 |     85 |      0 |     33 |      0 |   5 |   17.0 |
               +--------+--------+--------+--------+--------+-----+--------+

Top non-repeatable levels by time:
  Lair:3: 2616 daAuts
 Snake:3: 2395 daAuts
 Snake:4: 2287 daAuts
Depths:3: 1892 daAuts
Vaults:2: 1877 daAuts
    D:11: 1712 daAuts
  Lair:5: 1700 daAuts
    D:15: 1668 daAuts
  Lair:4: 1630 daAuts
Vaults:4: 1619 daAuts
   Orc:2: 1609 daAuts
     D:9: 1572 daAuts
     D:8: 1564 daAuts
Vaults:1: 1561 daAuts
Vaults:3: 1530 daAuts
